[Event "16th EWICC 2015"]
[Site "Kutaisi"]
[Date "2015.06.01"]
[Round "3"]
[White "Gaprindashvili, Nona"]
[Black "Choladze, Tea"]
[Result "1-0"]
[ECO "D63"]
[WhiteElo "2302"]
[BlackElo "1755"]
[Annotator "Robot 11"]
[PlyCount "107"]
[EventDate "2015.??.??"]
[EventCountry "GEO"]
[TimeControl "900+10"]

1. d4 d5 2. c4 e6 3. Nc3 Nf6 4. Nf3 c6 5. Bg5 Be7 6. e3 O-O 7. Rc1 Nbd7 8.
h3 Re8 9. Bd3 Nf8 10. O-O Ng6 11. Re1 Nd7 12. Bxe7 Qxe7 13. a3 dxc4 14. Bxc4 Nb6 15. Ba2 e5 16. dxe5 Nxe5 17. Nd4 Qh4 18. Nf3 Qe7 19. Bb1 Bd7 20. Qe2 Ng6 21. Qc2 Rad8 22. Red1 Bc8 23. Rxd8
Rxd8 24. Rd1 Rxd1+ 25. Qxd1 Qd7 26. Qxd7 Bxd7 27. b4 Nc4 28. a4 b5 29. axb5 cxb5 30. Bd3 a6 31. Bxc4 bxc4 32. Kf1 Ne7 33. Nd4 Nc6 34. Nxc6 Bxc6 35. e4 Kf8 36. f3 Ke7 37.
Ke2 Kd6 38. Ke3 Ke5 39. f4+ Kd6 40. Kd4 f5 41. e5+ Ke6 42. g3 Bb5 43. Kc5 h5 44. h4 g6 45. Nd5 Kf7 46. Ne3 c3 47. Kd4 Ke7 48. Kxc3 Kd7 49.
Kd4 Ke6 50. Kc5 Bd3 51. Nd5 Be2 52. Nc7+ Kd7 53. Kb6 Bd3 54.
Nxa6 1-0

[Event "16th EWICC 2015"]
[Site "Kutaisi"]
[Date "2015.06.01"]
[Round "3"]
[White "Gognadze, Tsira"]
[Black "Khomeriki, Ketevan"]
[Result "0-1"]
[ECO "C50"]
[WhiteElo "1144"]
[BlackElo "1861"]
[Annotator "Robot 11"]
[PlyCount "50"]
[EventDate "2015.??.??"]
[EventCountry "GEO"]
[TimeControl "900+10"]

1. e4 e5 2. Nf3 Nc6 3. Bc4 Bc5 4. O-O Nf6 5. Nc3 d6 6. d3 Bg4 7. h3 Bh5 8.
Be3 Bd4 9. Rb1 a6 10. g4 Nxg4 11. Bg5 Qd7 12. Nxd4 Nxd4 13. Bxf7+ Kxf7 14. hxg4 Bxg4 15. Qc1 Bh3 16. Qe3 Qg4+ 17. Qg3 Nf3+ 18. Kh1 Qh5 19. Bh4 Bxf1 20. Rxf1 Nxh4 21. Kg1 Rhf8 22. Ne2 Kg8 23. f4 Qxe2 24. Qxh4 Qe3+ 25. Kg2 Rxf4 0-1

[Event "16th EWICC 2015"]
[Site "Kutaisi"]
[Date "2015.06.01"]
[Round "3"]
[White "Ibrahimova, Sabina"]
[Black "Gaponenko, Inna"]
[Result "0-1"]
[ECO "B77"]
[WhiteElo "2272"]
[BlackElo "2391"]
[Annotator "Robot 11"]
[PlyCount "110"]
[EventDate "2015.??.??"]
[EventCountry "GEO"]
[TimeControl "900+10"]

1. e4 c5 2. Nf3 d6 3. d4 cxd4 4. Nxd4 Nf6 5. Nc3 g6 6. Be3 Bg7 7. f3 O-O 8.
Bc4 Nc6 9. Qd2 Bd7 10. h4 Ne5 11. Bb3 Qa5 12. O-O-O Rfc8 13. g4 b5 14. h5 b4 15. Nce2 Nc4 16. Bxc4 Rxc4 17. Kb1 Rac8 18. hxg6 fxg6 19. Rc1 Qe5 20. Bf4 Nxe4 21. fxe4 Qxe4 22. Be3 Bxg4 23. Rh4 h5 24. Qd3 Qxd3 25. cxd3 Rxc1+ 26. Nxc1 a5 27. Rh1 e5 28. Nb5 Bf8 29. Na7 Rc7 30.
Nb5 Rb7 31. a4 bxa3 32. Nxa3 d5 33. Ka2 d4 34. Bd2 Be6+ 35. Ka1 a4 36. Re1 Bd6 37. Bg5 Kf7 38. Rf1+ Bf5 39. Nc4 Bc7 40. Re1 Rb5 41. Kb1 Rc5 42. Nd2 Ba5 43. Re2 Bxd2 44. Bxd2 h4 45. Bg5 h3 46.
Ka2 e4 47. Bf4 exd3 48. Rf2 Ke6 49. Ka3 Rc4 50. Rh2 Kd5 51. Nxd3 Bxd3 52. Rxh3 Bf5 53. Bd2 Rc2 54. Rh2 Kc4 55. Rg2 Kd3 0-1

[Event "16th EWICC 2015"]
[Site "Kutaisi"]
[Date "2015.06.01"]
[Round "3"]
[White "Khomeriki, Nino"]
[Black "Guramishvili, Sopiko"]
[Result "1/2-1/2"]
[ECO "A13"]
[WhiteElo "2228"]
[BlackElo "2370"]
[Annotator "Robot 11"]
[PlyCount "146"]
[EventDate "2015.??.??"]
[EventCountry "GEO"]
[TimeControl "900+10"]

1. Nf3 d5 2. c4 e6 3. g3 Nf6 4. Bg2 d4 5. e3 c5 6. exd4 cxd4 7. d3 Nc6 8.
O-O Bd6 9. b3 O-O 10. Na3 Re8 11. Nc2 e5 12. Re1 a5 13. a3 h6 14. Rb1 Bf5 15.
b4 axb4 16. axb4 Qc7 17. b5 Na5 18. b6 Qc8 19. Rb5 Nc6 20. Nh4 Bg4 21. f3 Bd7 22. f4 exf4 23. Bxf4 Bxf4 24. gxf4 Ra2 25. Nf3 Rxe1+ 26. Ncxe1 Bh3 27. Qb1 Re2 28. Qd1 Re3 29. Nc2 Bxg2 30. Nxe3 dxe3 31. Ne5 Nd4 32. Kxg2 Nxb5 33. cxb5 Nd5 34. Qf3 Qc2+ 35. Kh3 Qc5 36. Kg3 Qd4 37. Qe4 Qxe4 38. dxe4 e2 39. Nd3 Nxb6 40. Kf2 Na4 41. Kxe2 Nc3+ 42. Ke3 Nxb5 43. Nc5 Nd6 44. Kd4 Kf8 45. e5 Nb5+ 46. Ke3 Ke7 47. Nxb7 Ke6 48. Nd8+ Ke7 49. Nc6+ Kd7 50. Nb4 Ke6 51. Ke4 Nc3+ 52. Kd4 Ne2+ 53. Ke3 Nc3 54. Kd4 Nb5+ 55. Ke4 g6 56. Nc6 Kd7 57. Nb4 Nc3+ 58. Kd4 Ne2+ 59. Ke3 Nc3 60. Kd3 Nb5 61. Kc4 Nc7 62. Kd4 Ne6+ 63. Ke4 Ng7 64. Nd5 Nf5 65. Nb4 Ne7 66. Nd3 Nf5 67. Nb4 Ne7 68. Ke3 Ke6 69. Ke4 Kd7 70. Ke3 Nf5+ 71. Ke4 Ne7 72. Ke3 Nf5+ 73. Ke4 Ne7 1/2-1/2

[Event "16th EWICC 2015"]
[Site "Kutaisi"]
[Date "2015.06.01"]
[Round "3"]
[White "Khurtsidze, Nino"]
[Black "Sviridova, Vlada"]
[Result "0-1"]
[ECO "D45"]
[WhiteElo "2451"]
[BlackElo "2087"]
[Annotator "Robot 11"]
[PlyCount "76"]
[EventDate "2015.??.??"]
[EventCountry "GEO"]
[TimeControl "900+10"]

1. Nf3 d5 2. e3 Nf6 3. c4 c6 4. Nc3 e6 5. d4 a6 6. a4 dxc4 7. Bxc4 c5 8. O-O Nc6 9. Qe2 cxd4 10. exd4 Be7 11. Be3 O-O 12. Rad1 Nb4 13. Ne5 Nbd5 14. Bc1 Bd7 15. Rd3 Nxc3 16. bxc3 b5 17. axb5 axb5 18. Bb3 Nd5 19. Rh3 g6 20. Bh6 Re8 21. Qf3 Nf6 22. Bg5 Ra3 23. Bd1 Ra7 24. Be2 b4 25.
Nxd7 Nxd7 26. Be3 b3 27. d5 Bc5 28. dxe6 Rxe6 29. Rxh7 Qf6 30. Qh3 b2 31. Bd3 Bxe3 32. fxe3 Ra1 33. Bb1 Qxf1+ 34. Kxf1 Rxb1+ 35. Ke2 Re1+ 36. Kf2 Rf6+ 37. Kxe1 b1=Q+ 38. Ke2 Qf1+ 0-1

[Event "16th EWICC 2015"]
[Site "Kutaisi"]
[Date "2015.06.01"]
[Round "3"]
[White "Kostava, Elene"]
[Black "Zaksaite, Salomeja"]
[Result "0-1"]
[ECO "D94"]
[WhiteElo "1691"]
[BlackElo "2203"]
[Annotator "Robot 11"]
[PlyCount "72"]
[EventDate "2015.??.??"]
[EventCountry "GEO"]
[TimeControl "900+10"]

1. d4 Nf6 2. Nf3 g6 3. c4 Bg7 4. Nc3 d5 5. e3 O-O 6. Bd3 dxc4 7. Bxc4 c5 8.
h3 cxd4 9. Nxd4 Qc7 10. Qe2 a6 11. a4 e5 12. Nf3 Nc6 13. O-O e4 14. Nd2 Ne5 15. Nd5 Nxd5 16. Bxd5 Nd3 17. Nxe4 Nxc1 18. Raxc1 Qa5 19. Bb3 Qb4 20. Nc5 b6 21. Bd5 Ra7 22. Nd3 Qxa4 23. Rc4 Qd7 24. Rfc1 a5 25. Bc6 Qf5 26. e4 Qg5 27. f4 Qe7 28. Bb5 Be6 29. Rc6 Bd5 30.
Rxb6 Bd4+ 31. Kf1 Bxb6 32. exd5 Qf6 33. Rc4 Re7 34. Ne5 Bc7 35. Rc6 Qxf4+ 36. Kg1 Bxe5 0-1

[Event "16th EWICC 2015"]
[Site "Kutaisi"]
[Date "2015.06.01"]
[Round "3"]
[White "Kosteniuk, Alexandra"]
[Black "Gevorgyan, Maria"]
[Result "1-0"]
[ECO "C43"]
[WhiteElo "2530"]
[BlackElo "2190"]
[Annotator "Robot 11"]
[PlyCount "51"]
[EventDate "2015.??.??"]
[EventCountry "GEO"]
[TimeControl "900+10"]

1. e4 e5 2. Nf3 Nf6 3. d4 Nxe4 4. Bd3 Nc6 5. O-O d5 6. Re1 Bg4 7. dxe5 Bc5 8.
Be3 Bxe3 9. Rxe3 Nxe5 10. Be2 Ng6 11. Nc3 O-O 12. Nxd5 Nd6 13.
h3 Be6 14. Rd3 Bxd5 15. Rxd5 Nf4 16. Re5 Nxe2+ 17. Qxe2 Qf6 18.
Re1 h6 19. c4 Rfe8 20. c5 Rxe5 21. Nxe5 Ne8 22. Qb5 b6 23. Nc6 a6 24. Qa4 Qxb2 25. Qe4 Nf6 26. Ne7+ 1-0

[Event "16th EWICC 2015"]
[Site "Kutaisi"]
[Date "2015.06.01"]
[Round "3"]
[White "Mammadova, Gulnar"]
[Black "Mammadova, Narmin"]
[Result "1-0"]
[ECO "C11"]
[WhiteElo "2293"]
[BlackElo "2117"]
[Annotator "Robot 11"]
[PlyCount "57"]
[EventDate "2015.??.??"]
[EventCountry "GEO"]
[TimeControl "900+10"]

1. e4 e6 2. d4 d5 3. Nc3 Nf6 4. Bg5 dxe4 5. Nxe4 Nbd7 6. Nf3 h6 7. Nxf6+ Nxf6 8. Bh4 c5 9. Bd3 cxd4 10. Nxd4 Bc5 11. Nb3 Be7 12. O-O O-O 13. Qe2 Qc7 14. Rfe1 Rd8 15. Rad1 b6 16. c3 Bb7 17. Nd4 Rd7 18.
Bb5 Rd5 19. Nxe6 fxe6 20. Qxe6+ Kh8 21. Rxd5 Nxd5 22. Bxe7 Nf4 23. Qf5 a6 24. Bf1 Re8 25. Re5 Nh3+ 26. gxh3 Qc6 27. f3 b5 28. Bd3 Qb6+ 29. Bc5 1-0

[Event "16th EWICC 2015"]
[Site "Kutaisi"]
[Date "2015.06.01"]
[Round "3"]
[White "Melashvili, Nino"]
[Black "Zhukova, Natalia"]
[Result "0-1"]
[ECO "D02"]
[WhiteElo "2173"]
[BlackElo "2456"]
[Annotator "Robot 11"]
[PlyCount "66"]
[EventDate "2015.??.??"]
[EventCountry "GEO"]
[TimeControl "900+10"]

1. Nf3 d5 2. d4 c5 3. e3 Nf6 4. c4 e6 5. Nc3 a6 6. Qc2 Nc6 7. cxd5 exd5 8. a3 Bg4 9. Ne5 Be6 10. Nxc6 bxc6 11. dxc5 Bxc5 12. b4 Bd6 13. Bb2 O-O 14. Be2 a5 15. b5 c5 16. Rd1 Qc7 17. h3 Rfe8 18. O-O Rad8 19. Bf3 Qd7 20.
Qa4 Bc7 21. Qh4 d4 22. exd4 cxd4 23. Ne4 Be5 24. a4 Qe7 25. Rfe1 Bb3 26. Nxf6+ Qxf6 27. Qxf6 gxf6 28. Ra1 d3 29. Bxe5 d2 30. Rf1 Rxe5 31. Bd1 Bc4 32. f4 Re1 33. Bc2 Bxf1 0-1

[Event "16th EWICC 2015"]
[Site "Kutaisi"]
[Date "2015.06.01"]
[Round "3"]
[White "Melia, Salome"]
[Black "Khmiadashvili, Tamar"]
[Result "1/2-1/2"]
[ECO "B06"]
[WhiteElo "2452"]
[BlackElo "2043"]
[Annotator "Robot 11"]
[PlyCount "118"]
[EventDate "2015.??.??"]
[EventCountry "GEO"]
[TimeControl "900+10"]

1. e4 c6 2. d4 g6 3. Nc3 Bg7 4. Nf3 d6 5. Be2 Bg4 6. O-O h5 7. h3 Bxf3 8.
Bxf3 Nd7 9. Re1 e5 10. dxe5 dxe5 11. a4 a5 12. b3 Ngf6 13. Be3 O-O 14. Qd2 Qe7 15. Rad1 Rfd8 16. Qc1 Nc5 17. Rxd8+ Rxd8 18. Rd1 Ne6 19. Rxd8+ Qxd8 20. Be2 Nd7 21. Qd2 Qc7 22. Bc4 Ndc5 23. f3 Bf6 24. Ne2 Qd8 25. Qxd8+ Bxd8 26. g3 h4 27. g4 g5 28. Kf2 Kg7 29. Nc3 Be7 30. Be2 Nd4 31. Bd1 Nce6 32. Nb1 Nf4 33. Bxf4 gxf4 34. Nd2 b5 35. c3 Ne6 36. Be2 bxa4 37. bxa4 Nc5 38. Bd1 f6 39. Ke2 Ne6 40.
Kf1 Nc5 41. Nc4 Bd8 42. Nd6 Kg6 43. Bc2 Bc7 44. Nf5 Kg5 45. Ne7 Bb6 46. Nxc6 Ne6 47. Ne7 Be3 48. Nd5 Bc5 49. Ke2 Kg6 50. Bd3 Ng5 51. Kf1 Nxh3 52. Kg2 Ng5 53. Be2 h3+ 54. Kh1 Ne6 55. Kh2 Ng5 56. Kh1 Kf7 57.
Nc7 Ke7 58. Nd5+ Kf7 59. Nc7 Ke7 1/2-1/2

[Event "16th EWICC 2015"]
[Site "Kutaisi"]
[Date "2015.06.01"]
[Round "3"]
[White "Paehtz, Elisabeth"]
[Black "Gvetadze, Sofio"]
[Result "1-0"]
[ECO "A05"]
[WhiteElo "2473"]
[BlackElo "2319"]
[Annotator "Robot 11"]
[PlyCount "89"]
[EventDate "2015.??.??"]
[EventCountry "GEO"]
[TimeControl "900+10"]

1. Nf3 Nf6 2. c4 e6 3. g3 c5 4. Bg2 Be7 5. b3 O-O 6. Bb2 a6 7. O-O Nc6 8.
e3 d5 9. Qe2 Re8 10. Re1 Bf8 11. Ne5 Nxe5 12. Bxe5 b5 13. Bxf6 Qxf6 14. Nc3 b4 15. Na4 Bb7 16. Nb6 Rad8 17. Rac1 Qe7 18. cxd5 exd5 19. Na4 Rc8 20. d3 Rc7 21. Rc2 Qd7 22. Rec1 Qb5 23. Qd2 g6 24. Bf1 Bc8 25.
Nxc5 d4 26. exd4 Bg7 27. Rc4 a5 28. Ne4 Rxc4 29. bxc4 Qb8 30. d5 f5 31. Ng5 Bh6 32. h4 Qe5 33. d4 Qg7 34. Bg2 a4 35. Rb1 b3 36. axb3 a3 37. Ra1 Qa7 38. c5 f4 39. gxf4 Bf5 40. d6 Kg7 41. c6 Qa6 42. d7 Rf8 43. Qb4 Bxg5 44. hxg5 a2 45. Qxf8+ 1-0

[Event "16th EWICC 2015"]
[Site "Kutaisi"]
[Date "2015.06.01"]
[Round "3"]
[White "Petrenko, Svetlana"]
[Black "Schleining, Zoya"]
[Result "0-1"]
[ECO "A06"]
[WhiteElo "2207"]
[BlackElo "2375"]
[Annotator "Robot 11"]
[PlyCount "84"]
[EventDate "2015.??.??"]
[EventCountry "GEO"]
[TimeControl "900+10"]

1. Nf3 d5 2. g3 Nf6 3. Bg2 c5 4. O-O e6 5. b3 Nc6 6. Bb2 Bd6 7. d4 O-O 8.
e3 Qc7 9. Na3 a6 10. c4 cxd4 11. exd4 b6 12. Re1 Bb7 13. Rc1 Rfd8 14. Qe2 Bxa3 15. Bxa3 dxc4 16. Qxc4 Rac8 17. Qe2 Qb8 18.
Bb2 Qa8 19. a3 h6 20. b4 Ne7 21. Nh4 Bxg2 22. Nxg2 Nf5 23. Rxc8 Rxc8 24. Nf4 b5 25. Qd3 Nd5 26. Ng2 Rc4 27. g4 Nfe7 28. f3 Qc6 29. Qe4 Rc2 30.
Re2 Rxb2 31. Rxb2 Qc1+ 32. Ne1 Qxb2 33. Nc2 Qc1+ 34. Kf2 Qd2+ 35. Qe2 Qxe2+ 36. Kxe2 Nf4+ 37. Kd2 Ned5 38. Na1 Nb6 39. Ke3 Nfd5+ 40. Kd3 Nc4 41. Nc2 g5 42. Ke4 Kf8 0-1

[Event "16th EWICC 2015"]
[Site "Kutaisi"]
[Date "2015.06.01"]
[Round "3"]
[White "Tedoshvili, Ana"]
[Black "Donghvani, Nia"]
[Result "1-0"]
[ECO "D02"]
[WhiteElo "1805"]
[BlackElo "1444"]
[Annotator "Robot 11"]
[PlyCount "95"]
[EventDate "2015.??.??"]
[EventCountry "GEO"]
[TimeControl "900+10"]

1. d4 d5 2. Nf3 Nf6 3. g3 g6 4. Bg2 Bg7 5. O-O O-O 6. Nbd2 Nc6 7. e3 Bg4 8. c4 dxc4 9. Nxc4 Qc8 10. Re1 Bh3 11. Bh1 Bg4 12. Qc2 Qd7 13.
Nce5 Nxe5 14. Nxe5 Qb5 15. a4 Qb6 16. a5 Qb5 17. Nxg4 Nxg4 18. h3 Nf6 19. Qxc7 Qb4 20. Rf1 Rab8 21. Qc3 Qd6 22. b3 Qe6 23.
Bg2 Rfc8 24. Qd3 Nd5 25. e4 Nb4 26. Qd2 Qxb3 27. Ra3 Qc4 28. Ra4 Qxd4 29. Rxb4 Qc5 30. Rb1 Rd8 31. Qb4 Qc2 32. Be3 a6 33. Qxe7 Qc3 34. Rbc1 Qxa5 35. Rc7 Rf8 36. Rxb7 Rxb7 37. Qxb7 Qa2 38. Bc5 Re8 39. Qc6 Rd8 40. Be7 Rb8 41. Qd6 Rc8 42. Qd7 Qc4 43. Qb7 a5 44. Bd6 a4 45.
e5 Bf8 46. Bd5 Qc2 47. Qxf7+ Kh8 48. Bxf8 1-0

[Event "16th EWICC 2015"]
[Site "Kutaisi"]
[Date "2015.06.01"]
[Round "3"]
[White "Tereladze, Sopiko"]
[Black "Javakhishvili, Lela"]
[Result "0-1"]
[ECO "E21"]
[WhiteElo "2128"]
[BlackElo "2472"]
[Annotator "Robot 11"]
[PlyCount "58"]
[EventDate "2015.??.??"]
[EventCountry "GEO"]
[TimeControl "900+10"]

1. d4 Nf6 2. c4 e6 3. Nf3 b6 4. Nc3 Bb4 5. g3 Bb7 6. Bg2 Ne4 7. Qc2 Nxc3 8.
bxc3 Be7 9. O-O d6 10. c5 dxc5 11. dxc5 Bxc5 12. Bg5 f6 13. Rfd1 Qe7 14. Ne5 Bxg2 15. Qa4+ b5 16. Qxb5+ c6 17. Qa4 fxg5 18. Kxg2 O-O 19. f3 Bd6 20. Nc4 Bc7 21. Rab1 Nd7 22. Rb7 Nc5 23. Qa3 g4 24. f4 Rac8 25. Ne5 Rfe8 26. Nxc6 Qf8 27. Nxa7 Nxb7 28. Qxf8+ Kxf8 29. Rd7 Nc5 0-1

[Event "16th EWICC 2015"]
[Site "Kutaisi"]
[Date "2015.06.01"]
[Round "4"]
[White "Dordzhieva, Dinara"]
[Black "Lomineishvili, Maia"]
[Result "0-1"]
[ECO "A09"]
[WhiteElo "2242"]
[BlackElo "2364"]
[Annotator "Robot 11"]
[PlyCount "66"]
[EventDate "2015.??.??"]
[EventCountry "GEO"]
[TimeControl "900+10"]

1. Nf3 d5 2. c4 d4 3. b4 a5 4. b5 c5 5. e3 Bg4 6. h3 Bh5 7. Bb2 dxe3 8. fxe3 Qd6 9. Qe2 Nf6 10. Nc3 Nbd7 11. g4 Bg6 12. d3 O-O-O 13. O-O-O Nb6 14. Bg2 Bxd3 15. Qf2 Nxc4 16. g5 Nxb2 17. Qxb2 Nh5 18. b6 c4 19. Ne1 e6 20. Nxd3 cxd3 21. Bf3 Ng3 22. Rhg1 Nf5 23. Be4 Qa3 24. Rxd3 Rxd3 25. Bxd3 Nxe3 26. Qxa3 Bxa3+ 27. Kd2 Rd8 28. Nb5 Bb4+ 29. Ke2 Nd5 30. Rf1 Rd7 31. a3 Bc5 32. Rc1 Nf4+ 33. Kf1 Nxd3 0-1

[Event "16th EWICC 2015"]
[Site "Kutaisi"]
[Date "2015.06.01"]
[Round "4"]
[White "Gevorgyan, Maria"]
[Black "Esadze, Tamar"]
[Result "1-0"]
[ECO "B24"]
[WhiteElo "2190"]
[BlackElo "1697"]
[Annotator "Robot 11"]
[PlyCount "87"]
[EventDate "2015.??.??"]
[EventCountry "GEO"]
[TimeControl "900+10"]

1. e4 c5 2. Nc3 Nc6 3. Bb5 d6 4. Bxc6+ bxc6 5. d3 Nf6 6. h3 e6 7. Nge2 Be7 8.
Be3 O-O 9. Qd2 Rb8 10. b3 d5 11. Bf4 Rb7 12. Rd1 dxe4 13. dxe4 Rd7 14. Qc1 Rxd1+ 15. Qxd1 Qxd1+ 16. Kxd1 Rd8+ 17. Kc1 Ba6 18. f3 c4 19. Kb2 cxb3 20. axb3 Bc5 21. Ra1 Bxe2 22. Nxe2 Nh5 23. Bc1 g6 24. g4 Ng7 25. Bg5 Rd7 26. Bf6 Rd2 27. Nf4 Ne8 28. Bc3 Rd7 29. Nd3 Bb6 30.
Ne5 Rd6 31. Nc4 Rd7 32. Nxb6 axb6 33. Ra8 Kf8 34. Rb8 Ke7 35.
Rxb6 Rc7 36. Be5 Nd6 37. g5 Kd7 38. c4 Ra7 39. Rb8 Ra5 40. Bf6 Ne8 41. Rd8+ Kc7 42. Rxe8 Kd7 43. Re7+ Kd8 44. Ra7+ 1-0

[Event "16th EWICC 2015"]
[Site "Kutaisi"]
[Date "2015.06.01"]
[Round "4"]
[White "Javakhishvili, Lela"]
[Black "Gaprindashvili, Nona"]
[Result "1-0"]
[ECO "A44"]
[WhiteElo "2472"]
[BlackElo "2302"]
[Annotator "Robot 11"]
[PlyCount "136"]
[EventDate "2015.??.??"]
[EventCountry "GEO"]
[TimeControl "900+10"]

1. d4 c5 2. d5 e5 3. e4 d6 4. Bb5+ Nd7 5. a4 g6 6. Nc3 Nh6 7. h4 f6 8. h5 Bg7 9. Be3 g5 10. Nge2 O-O 11. Ng3 Rf7 12. Be2 Nf8 13. Rb1 f5 14. exf5 Nxf5 15.
h6 Bh8 16. Nce4 Nxe3 17. fxe3 Ng6 18. Rh5 Bf6 19. Bg4 Be7 20. Be6 Bxe6 21. dxe6 Rf8 22. Qg4 d5 23. Nxg5 Bxg5 24. Rxg5 Qf6 25. Rf5 Qh4 26. Qxh4 Nxh4 27. Rxe5 Rae8 28. Rd1 Ng6 29. Rf5 Rxe6 30. Rxf8+ Kxf8 31. Rxd5 Rxe3+ 32. Kf2 Re5 33. Rd7 Re7 34. Rxe7 Kxe7 35. Ne4 b6 36. Ng5 Nf8 37. Ne4 Nd7 38. Ke3 Kf7 39. Nd6+ Ke6 40. Nb5 a5 41. Nc3 Kf5 42.
Ne4 Kg6 43. Nd6 Kxh6 44. Ke4 Kg5 45. Kd5 Kg4 46. Kc6 Nf6 47. Kxb6 h5 48. Kxa5 h4 49. Kb6 Nd5+ 50. Kxc5 Ne3 51. a5 Nxg2 52. a6 h3 53. a7 h2 54. Ne4 Kf3 55. Nd2+ Ke2 56. Ne4 Kf3 57. a8=Q h1=Q 58. Nd6+ Kf2 59. Qf8+ Ke2 60. Qe7+ Kd2 61. c4 Nf4 62. Qe4 Nd3+ 63. Kb5 Qh5+ 64. Qd5 Qe8+ 65. Qc6 Qb8+ 66. Qb6 Qg8 67. b4 Qg4 68. Qc6 Qf4 1-0

[Event "16th EWICC 2015"]
[Site "Kutaisi"]
[Date "2015.06.01"]
[Round "4"]
[White "Khmiadashvili, Tamar"]
[Black "Kostava, Elene"]
[Result "1-0"]
[ECO "D02"]
[WhiteElo "2043"]
[BlackElo "1691"]
[Annotator "Robot 11"]
[PlyCount "73"]
[EventDate "2015.??.??"]
[EventCountry "GEO"]
[TimeControl "900+10"]

1. d4 d5 2. Nf3 Nf6 3. b3 e6 4. Bb2 c5 5. e3 Nc6 6. Nbd2 Bd6 7. Ne5 O-O 8. a3 cxd4 9. exd4 Qc7 10. f4 Nd7 11. Bd3 Qb6 12. Nxc6 bxc6 13. O-O c5 14. Kh1 cxd4 15. Nf3 Bxf4 16. Nxd4 Bh6 17. a4 Nc5 18. a5 Qc7 19. Nb5 Qc6 20. Be2 Ne4 21. Nd4 Qc7 22. Bd3 Nd6 23. Qh5 Ne4 24. Nb5 Qd7 25. Ba3 Re8 26. Rad1 a6 27. Bxe4 axb5 28. Bb4 Qc7 29. Bd3 Bb7 30. Bxb5 Rec8 31. Bd3 Qd7 32. Rf3 d4 33. Rg3 Kh8 34. Rf1 f6 35.
Bd2 Qc7 36. Bxh6 Rxa5 37. Bxg7+ 1-0

[Event "16th EWICC 2015"]
[Site "Kutaisi"]
[Date "2015.06.01"]
[Round "4"]
[White "Mammadova, Narmin"]
[Black "Khurtsidze, Nino"]
[Result "1-0"]
[ECO "B00"]
[WhiteElo "2117"]
[BlackElo "2451"]
[Annotator "Robot 11"]
[PlyCount "63"]
[EventDate "2015.??.??"]
[EventCountry "GEO"]
[TimeControl "900+10"]

1. e4 d6 2. d4 g6 3. Bd3 Bg7 4. c3 Nd7 5. Nf3 b6 6. O-O Bb7 7. Qe2 e6 8. d5 e5 9. c4 Ne7 10. Nc3 O-O 11. Bd2 a5 12. h3 Nc5 13. Bc2 f5 14. exf5 Nxf5 15.
Ne4 h6 16. Nxc5 bxc5 17. Qe4 Qf6 18. Bc3 Bc8 19. Nh2 h5 20. Nf3 Ne7 21. Nh4 Kh7 22. Rae1 Bh6 23. a4 Bd7 24. Rd1 Qf4 25. Nxg6 Qxe4 26. Nxf8+ Bxf8 27. Bxe4+ Kg7 28. f4 Bxa4 29. Ra1 Bb3 30. fxe5 dxe5 31. Bxe5+ Kg8 32. d6 1-0

[Event "16th EWICC 2015"]
[Site "Kutaisi"]
[Date "2015.06.01"]
[Round "4"]
[White "Mammadzada, Gunay"]
[Black "Choladze, Tea"]
[Result "1-0"]
[ECO "B76"]
[WhiteElo "2336"]
[BlackElo "1755"]
[Annotator "Robot 11"]
[PlyCount "61"]
[EventDate "2015.??.??"]
[EventCountry "GEO"]
[TimeControl "900+10"]

1. e4 c5 2. Nf3 d6 3. d4 cxd4 4. Nxd4 Nf6 5. Nc3 g6 6. Be3 Bg7 7. f3 O-O 8. Qd2 Nc6 9. O-O-O d5 10. exd5 Nxd5 11. Nxc6 bxc6
12. Bd4 e5 13. Bc5 Be6 14. Ne4 f5 15. Ng5 Bh6 16. h4 Re8 17. Kb1 Qf6 18. Bc4
Rad8 19. Bb3 Nc7 20. Qa5 Bxb3 21. Qxc7 Bxa2+ 22. Kxa2 Bg7 23. Be7 Rxe7 24.
Rxd8+ Bf8 25. Rd7 h6 26. Rxe7 Bxe7 27. Qc8+ Kg7 28. Ne6+ Kf7 29. Nc7 Qd6 30. h5
Bd8 31. hxg6+ 1-0

[Event "16th EWICC 2015"]
[Site "Kutaisi"]
[Date "2015.06.01"]
[Round "4"]
[White "Nikoladze, Sopio"]
[Black "Melia, Salome"]
[Result "1/2-1/2"]
[ECO "A40"]
[WhiteElo "2155"]
[BlackElo "2452"]
[Annotator "Robot 11"]
[PlyCount "162"]
[EventDate "2015.??.??"]
[EventCountry "GEO"]
[TimeControl "900+10"]

1. d4 g6 2. Nf3 Bg7 3. g3 c5 4. Bg2 cxd4 5. Nxd4 Nc6 6. Nxc6 bxc6 7. O-O Nf6 8. e4 O-O 9. Re1 e5 10. c4 d6 11. b3 Bg4 12. Qd2 Qd7 13. Nc3 Rfd8 14. Bb2 Bh3 15. Rad1 Bg4 16. Rc1 h5 17. f3 Be6 18. Rcd1 Qc7 19. Qe3 Kh7 20. h3 Bh6 21. Qf2 h4 22. g4 Qb6 23. Ba3 Qxf2+ 24. Kxf2 Bf4 25. Ne2 d5 26. Nxf4 exf4 27. cxd5 cxd5 28. Be7 Kg7 29. Bxd8 Rxd8 30. exd5 Nxd5 31. Bf1 Rc8 32. Bc4 Ne3 33. Rc1 Nxc4 34. bxc4 Rxc4 35. Rxc4 Bxc4 36. a3 g5 37. Re5 Kg6 38. Rc5 Bd3 39. a4 f6 40.
Rd5 Bc4 41. Rc5 Bd3 42. Rc3 Bb1 43. Ke2 Ba2 44. Rc7 a6 45. Rc6 Bb3 46. a5 Bd5 47. Rc5 Bb7 48. Rc3 Bd5 49. Kd2 Bb7 50. Kc2 Bd5 51. Kb2 Bb7 52. Rd3 Bc6 53. Kc3 Bb5 54. Rd2 Bf1 55. Rh2 f5 56. Kd4 fxg4 57.
fxg4 f3 58. Rb2 Be2 59. Rb6+ Kf7 60. Ke3 Kg7 61. Kf2 Kf7 62. Rc6 Kg7 63. Rc5 Kg6 64. Rf5 Kh6 65. Rf6+ Kg7 66. Rf5 Kg6 67. Rf8 Kg7 68. Rf5 Kg6 69. Ke3 Bf1 70. Rxf3 Bg2 71. Rf2 Bxh3 72. Kf3 Kg7 73. Ke3 Bxg4 74. Rg2 h3 75. Rb2 Kg6 76. Rb6+ Kh5 77. Kf2 h2 78. Kg2 Be2 79.
Kxh2 Kg4 80. Rb4+ Kf5 81. Kg3 Ke5 1/2-1/2

[Event "16th EWICC 2015"]
[Site "Kutaisi"]
[Date "2015.06.01"]
[Round "4"]
[White "Schleining, Zoya"]
[Black "Choladze, Mariam"]
[Result "0-1"]
[ECO "A05"]
[WhiteElo "2375"]
[BlackElo "1989"]
[Annotator "Robot 11"]
[PlyCount "80"]
[EventDate "2015.??.??"]
[EventCountry "GEO"]
[TimeControl "900+10"]

1. Nf3 Nf6 2. c4 b6 3. g3 Bb7 4. Bg2 c5 5. O-O g6 6. Nc3 Bg7 7. d4 cxd4 8. Qxd4 d6 9. Rd1 Nbd7 10. Qe3 O-O 11. b3 Ng4 12. Qd2 Nc5 13. Bb2 Nxf2 14. Kxf2 Bxc3 15. Qc2 Ne4+ 16. Kg1 Bxb2 17. Qxb2 Qc7 18. Qd4 e5 19. Qe3 f5 20. Nd2 Nxd2 21. Bxb7 Qxb7 22. Qxd2 Rf6 23. Qd5+ Qxd5 24. cxd5 f4 25. Rac1 Raf8 26. Rc6 Kg7 27. gxf4 exf4 28. Rdc1 g5 29. Rc7+ R8f7 30.
Rc8 Kg6 31. Re8 Kf5 32. Rcc8 Kg4 33. Kg2 Rf5 34. h3+ Kh4 35. Re6 h5 36. Rxd6 f3+ 37. exf3 Rxf3 38. Rc4+ g4 39. hxg4 Rf2+ 40. Kg1 Rf1+ 0-1

[Event "16th EWICC 2015"]
[Site "Kutaisi"]
[Date "2015.06.01"]
[Round "4"]
[White "Daulyte, Deimante"]
[Black "Paehtz, Elisabeth"]
[Result "1/2-1/2"]
[ECO "C05"]
[WhiteElo "2402"]
[BlackElo "2473"]
[Annotator "Robot 11"]
[PlyCount "57"]
[EventDate "2015.??.??"]
[EventCountry "GEO"]
[TimeControl "900+10"]

1. e4 e6 2. d4 d5 3. Nd2 Nf6 4. e5 Nfd7 5. f4 c5 6. Ngf3 cxd4 7. Nb3 Nc6 8. Nfxd4 Be7 9. Be2 O-O 10. O-O Nc5 11. Be3 Ne4 12. Nd2 Nxd4 13. Bxd4 f5 14. exf6 Nxf6 15. Bd3 Bd7 16. Qe2 Qc7 17. Nb3 Bd6 18.
Be5 g6 19. Rae1 Rae8 20. Nd4 Ne4 21. Bxe4 Bxe5 22. fxe5 Qxe5 23.
Rxf8+ Rxf8 24. Nf3 Qxe4 25. Qxe4 dxe4 26. Rxe4 Bc6 27. Rxe6 Bxf3 28. gxf3 Rxf3 29. Re7 1/2-1/2

[Event "16th EWICC 2015"]
[Site "Kutaisi"]
[Date "2015.06.01"]
[Round "4"]
[White "Galliamova, Alisa"]
[Black "Arabidze, Meri"]
[Result "0-1"]
[ECO "A84"]
[WhiteElo "2478"]
[BlackElo "2403"]
[Annotator "Robot 11"]
[PlyCount "86"]
[EventDate "2015.??.??"]
[EventCountry "GEO"]
[TimeControl "900+10"]

1. d4 f5 2. c4 e6 3. Nc3 Nf6 4. e3 d5 5. Bd3 c6 6. Nge2 Bd6 7. f3 O-O 8. O-O Qe7 9. h3 c5 10. Nb5 Nc6 11. Nxd6 Qxd6 12. cxd5 Nxd5 13. a3 cxd4 14. exd4 Bd7 15. Bc4 Nce7 16. Qd3 Rac8 17. Bd2 a6 18. Rfd1 Rxc4 19. Qxc4 Bb5 20. Qc5 Qxc5 21. dxc5 Bxe2 22. Re1 Bc4 23. Rxe6 Nc6 24. Rd6 Nd4 25. Bc3 Nxc3 26. bxc3 Nb3 27. Re1 Nxc5 28. Re7 Rc8 29. h4 Bf7 30.
g4 fxg4 31. fxg4 Kf8 32. Re3 Re8 33. Rxe8+ Kxe8 34. Rd4 Ke7 35.
Kf2 b5 36. Ke3 Na4 37. Re4+ Kd6 38. Rf4 Be6 39. Kd4 Nb6 40. g5 Nc4 41. Rf8 a5 42. Rh8 Nxa3 43. Rxh7 Bf5 0-1